 Dungeon Crawl Stone Soup version 0.17-a0-1020-ge683cc4 (console) character file.

23732 Monkaria the Protected (level 12, -1/83 HPs)
             Began as a Demonspawn Chaos Knight on May 16, 2015.
             Slain by a skeletal warrior
             ... wielding a +3 battleaxe of chaos
              (14 damage)
             ... on level 12 of the Dungeon.
             The game lasted 00:36:31 (13660 turns).

Monkaria the Protected (Demonspawn Chaos Knight)   Turns: 13660, Time: 00:36:31

Health: -1/83      AC: 21    Str: 20    XL:     12   Next: 74%
Magic:  13/13      EV: 15    Int: 18    God:    Xom [.*....]
Gold:   268        SH:  0    Dex: 13    Spells: 0 memorised, 11 levels left

rFire  + . .     SeeInvis .     w - +0 scimitar
rCold  + . .     Clarity  .     N - +0 scale mail
rNeg   . . .     SustAb   .     (no shield)
rPois  +         Gourm    .     (helmet restricted)
rElec  .         Spirit   .     W - +0 cloak
rCorr  .         Warding  .     G - +0 pair of gloves
rMut   .         Stasis   .     f - +2 pair of boots
MR     .....                    (no amulet)
Stlth  ..........               z - +3 ring of evasion
                                H - ring of fire

@: brilliant, about to teleport, very slightly contaminated, drained, not
resistant to hostile enchantments, extremely unstealthy
A: claws 2, horns 1, talons 1, slimy green scales 3, cold resistance 2, high mp
1, sense surroundings 1, poison resistance, powered by death 1, regeneration 1,
shaggy fur 1, strong 1, wild magic 1
a: Renounce Religion


You were on level 12 of the Dungeon.
You worshipped Xom.
You were a plaything of Xom.
You were very hungry.

You visited 2 branches of the dungeon, and saw 13 of its levels.

You collected 268 gold pieces.

Inventory:

Hand weapons
 a - a +0 falchion of chaos
 w - a +0 scimitar (weapon)
 x - the +3 battleaxe of Profit {venom, rElec rF+ rN+++ Dex-2}
   (Xom gifted it to you on level 4 of the Dungeon)

   It poisons the flesh of those it strikes.
   It affects your dexterity (-2).
   It protects you from fire.
   It insulates you from electricity.
   It renders you almost immune to negative energy.
 B - a +0 blowgun
Missiles
 q - 14 poisoned needles
 F - 6 needles of frenzy
 J - 16 tomahawks (quivered)
 P - 7 needles of confusion
Armour
 f - a +2 pair of boots (worn)
 u - a +1 helmet
 G - a +0 pair of gloves (worn)
 M - a +0 plate armour
 N - a +0 scale mail (worn)
 W - a +0 cloak (worn)
 Y - a steam dragon hide
Magical staves
 L - an uncursed staff of death
Jewellery
 g - an uncursed ring of teleport control
 y - an uncursed ring of ice
 z - a +3 ring of evasion (right hand)
 H - a ring of fire (left hand)
 I - an uncursed ring of fire
Magical devices
 s - a wand of magic darts (22)
 t - a wand of invisibility (1)
 v - a wand of polymorph (13)
 A - a wand of magic darts (28)
 K - a wand of confusion (23)
 O - a wand of fire (9)
 T - a wand of slowing (36)
Scrolls
 e - 3 scrolls of teleportation
 n - 8 scrolls of remove curse
 p - 2 scrolls of enchant armour
 C - 5 scrolls of amnesia
 U - a scroll of recharging
Potions
 d - 5 potions of brilliance
 h - a potion of lignification
 j - 5 potions of flight
 k - 2 potions of resistance
 o - 2 potions of magic
 Q - 2 potions of might
 R - 2 potions of ambrosia
Miscellaneous
 S - a box of beasts
 X - a stone of tremors
Comestibles
 c - 8 bread rations
 l - 13 meat rations
 m - 2 slices of pizza
 r - 29 fruits
 V - 5 chunks of flesh


   Skills:
 - Level 4.0(3.8) Fighting
 + Level 12.7(12.4) Long Blades
 - Level 13.0(12.7) Armour
 - Level 4.0(3.8) Dodging


You had 11 spell levels left.
You didn't know any spells.

Dungeon Overview and Level Annotations

Branches:
Dungeon (12/15)            Temple (1/1) D:6            Lair (0/8) D:11
    Orc (0/4) D:9

Altars:
Ashenzari
Cheibriados
Dithmenos
Elyvilon
Fedhas
Gozag
Kikubaaqudgha
Makhleb
Nemelex Xobeh
Okawaru
Qazlal
Ru
Sif Muna
Trog
Vehumet
Xom
Yredelemnul
Zin
The Shining One

Shops:
D:4 (


Innate Abilities, Weirdness & Mutations

You have very sharp fingernails.
You are completely covered in slimy green scales (AC +4, rPois).
Your flesh is very cold resistant.
You can steal the life force of nearby defeated enemies.
You have a pair of small horns on your head.
You have sharp toenails.
You have an increased reservoir of magic (+10% MP).
You passively map a small area around you.
Your system is resistant to poisons.
Your natural rate of healing is unusually fast.
You are covered in fur (AC +1).
Your muscles are strong. (Str +2)
Your spells are a little harder to cast, but a little more powerful.


Message History

You feel better.
The skeletal warrior hits you with a dire flail!
* * * LOW HITPOINT WARNING * * *
Drink which item? (? for menu, Esc to quit)
You feel better. The skeletal warrior barely misses you.
The skeletal warrior hits you with a dire flail.
* * * LOW HITPOINT WARNING * * *
You see here a +3 leather armour.
You are feeling very hungry.
The skeletal warrior hits you with a battleaxe!
* * * LOW HITPOINT WARNING * * *
There is an open door here.
Xom chortles.
The skeletal warrior's battleaxe is briefly surrounded by a scintillating aura of random colours.
Read which item? (? for menu, Esc to quit)
As you read the scroll of teleportation, it crumbles to dust.
You feel strangely unstable.
The skeletal warrior hits you with a battleaxe of chaos!
You die...
Xom cackles wildly!

...........))........'...........
#.###...####.......[.####.......#
#.####.## ##.......## ##.###..#
#....(.# ##.....## #.###..#
######.# ##...## #.##...# #.#
##'## #.##.#.# #.# #z# #.......
#.# #z# #.##.#.# #.# *#@#*
#####......# #.# *#...#
#.z......### #.# #.....#
#.######## #.# ##...####.#####
##.#.......z.# * , #.#.###.###.#
* * ........# #.# #.#.##### #z#
,# * #)#


You could see 2 skeletal warriors.

Vanquished Creatures
  Pikel (D:7)
  4 hill giants
  2 ugly things (D:11)
  Maurice (D:8)
  The ghost of Goodini51 the Thaumaturge, an experienced DEWz of Vehumet (D:7)
  A fire drake (D:9)
  A troll (D:9)
  A wolf spider (D:11)
  A two-headed ogre (D:8)
  Grinder (D:6)
  5 slime creatures (D:12)
  Prince Ribbit (D:8)
  3 yaks (D:10)
  3 wraiths
  2 hippogriffs
  A steam dragon (D:12)
  A mottled dragon (D:12)
  3 ice beasts
  2 sky beasts
  An eye of draining (D:9)
  7 orc warriors
  A black bear (D:8)
  A boggart (D:2)
  2 ogres
  3 centaurs
  A crocodile (D:9)
  3 big kobolds
  11 giant frogs
  A phantom (D:4)
  Blork the orc (D:4)
  A wyvern zombie (D:10)
  2 scorpions
  11 killer bees
  7 wights (D:12)
  7 crimson imps
  A giant frog zombie (D:7)
  A hound (shapeshifter) (D:9)
  Crazy Yiuf (D:2)
  4 orc priests
  3 giant frog skeletons
  4 hounds
  4 jellies
  9 orc wizards
  Terence (D:3)
  An iron imp (D:8)
  A quasit (D:8)
  6 worker ants
  4 iguanas
  3 hound zombies
  2 hound skeletons
  4 gnolls
  15 adders
  4 shadow imps
  2 ufetubi (D:8)
  An ooze (D:4)
  2 worms
  7 giant geckos
  58 orcs
  19 goblins
  19 hobgoblins
  27 kobolds
  2 quokkas
  A ball python (D:3)
  13 bats
  13 giant cockroaches
  A giant gecko zombie (D:5)
  2 giant newts
  10 jackals
  A jackal zombie (D:8)
  11 rats
352 creatures vanquished.

Vanquished Creatures (collateral kills)
  A yak (D:10)
  An ice beast (D:11)
  An ogre (D:3)
  An iron imp (D:11)
  A crimson imp (D:10)
  An orc wizard (D:7)
  A hound skeleton (D:4)
  6 orcs
  A hobgoblin (D:3)
  A giant newt (D:3)
15 creatures vanquished.

Vanquished Creatures (others)
  A porcupine (D:9)
  A hound (D:4)
  A hound zombie (D:7)
  A gnoll (D:3)
  A shadow imp (D:11)
  An adder skeleton (D:7)
  A hobgoblin (D:9)
  A kobold (D:9)
  A rat (D:7)
9 creatures vanquished.

Grand Total: 376 creatures vanquished

Notes
Turn   | Place    | Note
--------------------------------------------------------------
     0 | D:1      | Monkaria the Demonspawn Chaos Knight began the quest for the Orb.
     0 | D:1      | Reached XP level 1. HP: 18/18 MP: 1/1
   103 | D:1      | Gained mutation: You can steal the life force of nearby defeated enemies. [demonic ancestry]
   103 | D:1      | Reached XP level 2. HP: 20/24 MP: 2/2
   251 | D:1      | Reached skill level 4 in Fighting
   327 | D:1      | You fall through a shaft!
   397 | D:2      | Noticed a boggart
   397 | D:2      | an adder changed into a boggart
   405 | D:2      | Killed a boggart
   405 | D:2      | Reached XP level 3. HP: 20/30 MP: 3/3
   405 | D:2      | Gained mutation: Your flesh is cold resistant. [demonic ancestry]
   405 | D:2      | Reached XP level 4. HP: 24/37 MP: 4/4
   416 | D:2      | Noticed Crazy Yiuf
   424 | D:2      | XOM: butterfly on damage
   429 | D:2      | Killed Crazy Yiuf
   429 | D:2      | Reached XP level 5. HP: 42/42 MP: 5/5
   482 | D:2      | Reached skill level 1 in Dodging
   575 | D:2      | XOM: confuse monster(s)
   652 | D:2      | Found a blossoming altar of Fedhas.
   849 | D:3      | XOM: stealth player
   902 | D:3      | Noticed Terence
   902 | D:3      | XOM: divination: magic mapping
   912 | D:3      | Killed Terence
   986 | D:3      | Noticed an ogre
   999 | D:3      | XOM: harmless Hex miscast
  1006 | D:3      | XOM: noise
  1013 | D:3      | XOM: harmless Fire miscast
  1014 | D:3      | XOM: cast spell 'Stoneskin'
  1023 | D:3      | XOM: enchant monster (good)
  1029 | D:3      | XOM: confuse monster(s)
  1032 | D:3      | XOM: summons friendly ufetubus
  1037 | D:3      | Killed an ogre
  1037 | D:3      | Reached XP level 6. HP: 4/48 MP: 6/6
  1995 | D:4      | XOM: summons friendly quasit
  2060 | D:4      | Gained mutation: You are partially covered in slimy green scales (AC +2). [demonic ancestry]
  2060 | D:4      | Reached XP level 7. HP: 45/54 MP: 7/7
  2153 | D:4      | XOM: smoke on damage
  2177 | D:4      | XOM: 4-stop teleportation journey
  2210 | D:4      | XOM: fog
  2302 | D:4      | Reached skill level 5 in Long Blades
  2355 | D:4      | XOM: swap monsters
  2459 | D:4      | XOM: 1-stop teleportation journey
  2503 | D:4      | Found Ylauh's Antique Weapon Shoppe.
  2530 | D:4      | Noticed Blork the orc
  2546 | D:4      | Killed Blork the orc
  2670 | D:4      | XOM: god gift: translucent battleaxe {god gift}
  2671 | D:4      | Got a translucent battleaxe {god gift}
  2672 | D:4      | Identified the +3 battleaxe of Profit {venom, rElec rF+ rN+++ Dex-2} (Xom gifted it to you on level 4 of the Dungeon)
  2702 | D:5      | Entered Level 5 of the Dungeon
  2852 | D:5      | XOM: harmless Pois miscast
  2909 | D:5      | XOM: noise
  3050 | D:5      | XOM: silly message
  3133 | D:5      | XOM: potion effect (haste)
  3136 | D:5      | Reached skill level 6 in Long Blades
  3199 | D:5      | XOM: butterfly on damage
  3209 | D:5      | XOM: cast spell 'Blink'
  3313 | D:5      | XOM: 4-stop teleportation journey
  3367 | D:5      | Reached XP level 8. HP: 41/60 MP: 8/8
  3508 | D:5      | Reached skill level 7 in Long Blades
  3555 | D:5      | XOM: give mutations
  3555 | D:5      | Gained mutation: You have sharp toenails. [Xom's grace]
  3555 | D:5      | Gained mutation: You are covered in fur (AC +1). [Xom's grace]
  3555 | D:5      | Gained mutation: You can spit weak poison. [Xom's grace]
  3555 | D:5      | Gained mutation: Your natural rate of healing is unusually fast. [Xom's grace]
  3737 | D:5      | XOM: give mutations
  3737 | D:5      | Gained mutation: You have an increased reservoir of magic (+10% MP). [Xom's grace]
  3737 | D:5      | Gained mutation: You passively map a small area around you. [Xom's grace]
  3737 | D:5      | Gained mutation: You have a pair of small horns on your head. [Xom's grace]
  3982 | D:6      | Noticed Grinder
  4003 | D:6      | Killed Grinder
  4003 | D:6      | Reached skill level 8 in Long Blades
  4139 | D:6      | Found a staircase to the Ecumenical Temple.
  4143 | D:6      | XOM: 7-stop teleportation journey
  4170 | D:6      | Reached skill level 9 in Long Blades
  4375 | D:7      | XOM: fog
  4376 | D:7      | XOM: enchant monster (good)
  4378 | D:7      | XOM: confuse monster(s)
  4380 | D:7      | XOM: 6-stop teleportation journey
  4392 | D:7      | XOM: polymorph giant frog -> worm
  4403 | D:7      | Gained mutation: You are mostly covered in slimy green scales (AC +3). [demonic ancestry]
  4403 | D:7      | Reached XP level 9. HP: 63/65 MP: 9/9
  4670 | D:7      | Noticed Goodini51's ghost (experienced DEWz)
  4716 | D:7      | Killed Goodini51's ghost
  4716 | D:7      | Reached skill level 5 in Armour
  4865 | D:7      | XOM: potion effect (invisibility)
  4942 | D:7      | XOM: divination: detect creatures
  4989 | D:7      | XOM: butterfly on damage
  4994 | D:7      | XOM: silly message
  5289 | D:7      | Noticed Pikel
  5292 | D:7      | XOM: confuse monster(s)
  5298 | D:7      | Killed Pikel
  5590 | D:7      | XOM: silly message
  5679 | D:7      | XOM: cast spell 'Spider Form'
  5689 | D:7      | XOM: harmless Fire miscast
  6037 | Temple   | Entered the Ecumenical Temple
  6230 | D:7      | Gained mutation: Your muscles are strong. (Str +2) [potion of mutation]
  6230 | D:7      | Gained mutation: Your muscles are very strong. (Str +4) [potion of mutation]
  6231 | D:7      | Gained mutation: You are robust (+10% HP). [potion of mutation]
  6231 | D:7      | Lost mutation: Your muscles are very strong. (Str +4) [potion of mutation]
  6232 | D:7      | Lost mutation: Your muscles are strong. (Str +2) [potion of mutation]
  6232 | D:7      | Lost mutation: You can spit weak poison. [potion of mutation]
  6279 | D:8      | Noticed Prince Ribbit
  6281 | D:8      | XOM: noise
  6288 | D:8      | Gained mutation: You have sharp fingernails. [demonic ancestry]
  6288 | D:8      | Reached XP level 10. HP: 78/78 MP: 11/11
  6293 | D:8      | Killed Prince Ribbit
  6418 | D:8      | XOM: divination: detect creatures
  6704 | D:8      | XOM: potion effect (brilliance)
  6766 | D:8      | Noticed Maurice
  6777 | D:8      | XOM: silly message
  6822 | D:8      | XOM: divination: detect creatures
  7276 | D:9      | Found a staircase to the Orcish Mines.
  7277 | D:9      | XOM: harmless Summ miscast
  7282 | D:9      | XOM: smoke on damage
  7378 | D:8      | XOM: summons 4 hostile demons
  7412 | D:8      | XOM: give mutation
  7412 | D:8      | Gained mutation: Your spells are a little harder to cast, but a little more powerful. [Xom's grace]
  7464 | D:8      | Reached skill level 10 in Armour
  7573 | D:8      | XOM: god gift: 56 gold pieces
  7899 | D:8      | XOM: enchant monster (good)
  7948 | D:8      | XOM: harmless Hex miscast
  8054 | D:8      | Killed Maurice
  8666 | D:9      | XOM: potion effect (curing)
  8761 | D:9      | Found a bloodstained altar of Trog.
  8842 | D:9      | Found a radiant altar of Vehumet.
  8923 | D:9      | XOM: confuse monster(s)
  8928 | D:9      | XOM: mild Air miscast
  9054 | D:9      | Noticed a four-headed hydra
  9065 | D:9      | XOM: chaos cloud
  9108 | D:9      | Reached skill level 11 in Armour
  9260 | D:9      | XOM: summons 4 hostile shadow creatures
  9279 | D:10     | Entered Level 10 of the Dungeon
  9317 | D:10     | XOM: mild Air miscast
  9381 | D:10     | XOM: medium Trmt miscast
  9655 | D:10     | Found a shattered altar of Ashenzari.
  9995 | D:10     | XOM: give mutations
  9995 | D:10     | Gained mutation: Your muscles are strong. (Str +2) [Xom's grace]
  9995 | D:10     | Gained mutation: You possess an exceptional clarity of mind. [Xom's grace]
  9995 | D:10     | Gained mutation: You are completely covered in slimy green scales (AC +4, rPois). [Xom's grace]
  9995 | D:10     | Gained mutation: Your system is resistant to poisons. [Xom's grace]
 10014 | D:10     | Found a shattered altar of Ashenzari.
 10047 | D:10     | XOM: vitrification
 10062 | D:10     | Noticed a hill giant
 10076 | D:10     | Killed a hill giant
 10376 | D:9      | XOM: polymorph orc wizard -> porcupine
 10396 | D:9      | Gained mutation: Your flesh is very cold resistant. [mutagenic meat]
 10631 | D:9      | XOM: confuse monster(s)
 10634 | D:9      | Reached skill level 10 in Long Blades
 11053 | D:11     | Noticed a hill giant
 11054 | D:11     | XOM: potion effect (haste)
 11132 | D:10     | XOM: fog
 11139 | D:10     | XOM: divination: detect creatures
 11144 | D:10     | Killed a hill giant
 11144 | D:10     | Reached XP level 11. HP: 32/84 MP: 12/12
 11149 | D:10     | XOM: swap monsters
 11166 | D:10     | HP: 4/84 [yak (10)]
 11305 | D:10     | XOM: summons 2 friendly demons
 11379 | D:11     | XOM: summons friendly iron imp
 11471 | D:11     | XOM: vitrification
 11477 | D:11     | Noticed a brown ugly thing
 11480 | D:11     | XOM: confuse monster(s)
 11501 | D:11     | Killed a brown ugly thing
 11523 | D:11     | Noticed a hill giant
 11541 | D:11     | XOM: divination: detect items
 11542 | D:11     | XOM: confuse monster(s)
 11557 | D:11     | Killed a hill giant
 11615 | D:11     | Found a staircase to the Lair.
 11628 | D:11     | Noticed a green ugly thing
 11657 | D:11     | Killed a green ugly thing
 11862 | D:11     | Noticed a hill giant
 11862 | D:11     | Noticed a red ugly thing
 11866 | D:11     | XOM: summons friendly shadow imp
 11871 | D:11     | XOM: potion effect (curing)
 11874 | D:11     | XOM: blink monster(s)
 11882 | D:11     | XOM: confuse monster(s)
 11890 | D:11     | HP: 1/84 [hill giant/giant club (24)]
 11905 | D:11     | XOM: blink monster(s)
 11951 | D:11     | XOM: summons friendly iron imp
 11954 | D:11     | Killed a hill giant
 12100 | D:11     | XOM: enchant monster (bad)
 12108 | D:11     | XOM: medium Conj miscast
 12624 | D:11     | a red ugly thing changed into a wolf spider
 12624 | D:11     | XOM: polymorph red ugly thing -> wolf spider
 12634 | D:11     | Reached skill level 12 in Long Blades
 12708 | D:10     | Lost mutation: You are robust (+10% HP). [mutagenic meat]
 12710 | D:10     | Lost mutation: You possess an exceptional clarity of mind. [mutagenic meat]
 13080 | D:12     | XOM: potion effect (haste)
 13090 | D:12     | XOM: potion effect (invisibility)
 13319 | D:12     | XOM: mild Hex miscast
 13494 | D:12     | XOM: smoke on damage
 13521 | D:12     | Reached skill level 13 in Armour
 13521 | D:12     | Gained mutation: You have very sharp fingernails. [demonic ancestry]
 13521 | D:12     | Reached XP level 12. HP: 75/83 MP: 13/13
 13584 | D:12     | Noticed a skeletal warrior
 13586 | D:12     | Noticed a skeletal warrior
 13587 | D:12     | XOM: potion effect (brilliance)
 13597 | D:12     | Noticed a skeletal warrior
 13613 | D:12     | XOM: potion effect (invisibility)
 13647 | D:12     | XOM: blink monster(s)
 13658 | D:12     | XOM: chaos upgrade
 13660 | D:12     | Slain by a skeletal warrior

Vault maps used:
D:1:      dpeg_arrival_fog, lexackson_kobold_supper
D:2:      fedhas_altar_2, first_bread, uniq_crazy_yiuf_cottage
D:3:      uniq_terence
D:4:      serial_shops, kennysheep_mini, minmay_misc_feat_secret_circle,
          uniq_blork_the_orc
D:6:      minmay_temple_entry_glassed_door, uniq_grinder
D:7:      uniq_pikel
D:8:      corexii_shantytown, uniq_maurice, uniq_prince_ribbit1
D:9:      overflow_temple_1_default, fiery_altar_vehumet, david_orc_3,
          blue_anna_alchemist, st_stairs_1
D:10:     basic_altar, ashenzari_altar_1
D:11:     lair_0_dummy
Temple:   nicolae_temple_elliptical

Action                   |  1- 3 |  4- 6 |  7- 9 | 10-12 || total
-------------------------+-------+-------+-------+-------++-------
Melee: Falchion          |    84 |   262 |   593 |   225 ||  1164
       Long sword        |       |       |    19 |   205 ||   224
       Battleaxe         |       |       |     5 |    31 ||    36
       Scimitar          |       |       |       |   430 ||   430
 Fire: Blowgun           |       |       |       |     6 ||     6
Throw: Tomahawk          |       |       |       |     1 ||     1
Evoke: Wand              |       |       |       |     1 ||     1
  Use: Scroll            |       |     2 |    10 |    15 ||    27
       Potion            |       |       |     3 |     9 ||    12
 Stab: Paralysed         |     2 |     4 |    16 |     7 ||    29
       Confused          |     1 |       |     3 |     2 ||     6
       Sleeping          |       |     1 |       |       ||     1
       Petrifying        |       |       |     2 |       ||     2
       Invisible         |       |       |     2 |    22 ||    24
       Distracted        |       |       |       |     1 ||     1
  Eat: Chunk             |       |     5 |    13 |    31 ||    49
       Beef jerky        |       |       |     1 |     2 ||     3
       Royal jelly       |       |       |       |     1 ||     1
       Pizza             |       |       |       |     1 ||     1
